 Dungeon Crawl Stone Soup version 0.18.1-5-g4a78601 (webtiles) character file.

13093 varam the Destroyer (level 11, -8/64 HPs)
             Began as a Deep Elf Conjurer on May 9, 2016.
             Was an Elder of Vehumet.
             Mangled by a wraith (11 damage)
             ... led by Josephine
             ... on level 10 of the Dungeon.
             The game lasted 01:18:59 (18112 turns).

varam the Destroyer (Deep Elf Conjurer)            Turns: 18112, Time: 01:19:00

Health: -8/64      AC:  8    Str:  7    XL:     11   Next: 71%
Magic:  2/23       EV: 16    Int: 29    God:    Vehumet [****..]
Gold:   326        SH:  0    Dex: 15    Spells: 6 memorised, 8 levels left

rFire  + . .     SeeInvis .     V - +0 short sword (elec)
rCold  + + .     Gourm    .     S - +2 robe of Tidol {-Tele rElec rC+++ Int+2}
rNeg   . . .     Faith    .     (no shield)
rPois  .         Spirit   .     a - +0 helmet
rElec  +         Dismiss  .     L - +1 cloak
rCorr  .         Reflect  .     (no gloves)
SustAt .         Harm     +     d - +0 pair of boots
MR     +....     NoTele   +     Y - amulet of harm
Stlth  ++........               I - ring of fire
                                U - +5 ring of intelligence

@: slowed, very slow, somewhat resistant to hostile enchantments, unstealthy
A: no striking features
a: Renounce Religion


You were on level 10 of the Dungeon.
You worshipped Vehumet.
Vehumet was greatly pleased with you.
You were hungry.

You visited 1 branch of the dungeon, and saw 10 of its levels.

You collected 551 gold pieces.
You spent 225 gold pieces at shops.

Inventory:

Hand Weapons
 f - a +0 dagger
 x - a +3 rapier of venom
 V - a +0 short sword of electrocution (weapon)
Armour
 a - a +0 helmet (worn)
 d - a +0 pair of boots (worn)
 L - a +1 cloak (worn)
 P - a +2 robe of fire resistance
 S - the +2 robe of Tidol (worn) {-Tele rElec rC+++ Int+2}
   (You found it on level 8 of the Dungeon)

   It affects your intelligence (+2).
   It renders you almost immune to cold.
   It insulates you from electricity.
   It prevents most forms of teleportation.
 Z - a +2 robe of positive energy
Jewellery
 j - an uncursed ring of protection from magic
 k - an uncursed ring of stealth
 y - an uncursed ring of positive energy
 I - a ring of fire (right hand)
 U - a +5 ring of intelligence (left hand)
 Y - an amulet of harm (around neck)
Wands
 c - a wand of slowing (17/48)
 D - a wand of iceblast (5/15)
 F - a wand of acid (6/15)
 O - a wand of disintegration (16/24)
 Q - a wand of teleportation (1/9)
 R - a wand of flame (28/48)
 T - a wand of slowing (15/48)
Scrolls
 h - 9 scrolls of remove curse
 i - 5 scrolls of magic mapping
 n - a scroll of blinking
 o - 2 scrolls of fog
 p - 3 scrolls of recharging
 s - 2 scrolls of amnesia
 t - 3 scrolls of immolation
 u - 2 scrolls of enchant armour
 w - 4 scrolls of fear
 B - 2 scrolls of noise
 W - 2 scrolls of teleportation
Potions
 l - 4 potions of heal wounds
 q - 2 potions of might
 v - 2 potions of invisibility
 z - 2 potions of ambrosia {unknown}
 A - 4 potions of curing
 C - a potion of berserk rage {unknown}
 G - 3 potions of magic
 J - a potion of brilliance {unknown}
 K - 4 potions of flight {unknown}
 M - 2 potions of degeneration {unknown}
 N - a potion of haste {unknown}
Books
 b - a book of Conjurations

   Spells                             Type                      Level
   a - Magic Dart                     Conjuration                  1
   b - Searing Ray                    Conjuration                  2
   c - Dazzling Spray                 Conjuration/Hexes            3
   d - Fulminant Prism                Conjuration/Hexes            4
   e - Iskenderun's Mystic Blast      Conjuration                  4
   f - Iskenderun's Battlesphere      Conjuration/Charms           5
Comestibles
 e - 7 slices of pizza
 E - 3 beef jerkies
 H - 2 chunks of flesh
 X - 2 bread rations


   Skills:
 - Level 6.1 Fighting
 - Level 7.3 Dodging
 - Level 2.4 Stealth
 - Level 7.0 Spellcasting
 + Level 12.2 Conjurations
 + Level 9.3 Charms
 + Level 10.4 Fire Magic


You had 8 spell levels left.
You knew the following spells:

 Your Spells              Type           Power        Failure   Level  Hunger
a - Iskenderun's Battles  Conj/Chrm      ######..     1%          5    ####...
c - Searing Ray           Conj           ######       1%          2    None
d - Iskenderun's Mystic   Conj           ######..     1%          4    ##.....
e - Dazzling Spray        Conj/Hex       #####...     1%          3    None
f - Flame Tongue          Conj/Fire      #####        1%          1    None
z - Magic Dart            Conj           ####         1%          1    None


Dungeon Overview and Level Annotations

Branches:
Dungeon (10/15)            Temple (0/1) D:6             Orc (0/2) D:9
   Lair: D:8-11

Altars:
Elyvilon
Fedhas
Gozag
Kikubaaqudgha
Makhleb
Qazlal
Ru
Sif Muna
Trog
Vehumet
Xom
Zin
The Shining One
Beogh

Shops:
D:4 (   D:5 *


Message History

You cannot teleport because you are wearing the +2 robe of Tidol {-Tele rElec rC+++ Int+2}.
The wraith hits you!
* * * LOW HITPOINT WARNING * * *
The wraith drains your vigour!
You feel as though you will be slow longer.
A sky beast appears from thin air!
Reactivating autopickup.
The wraith barely misses you.
The sky beast flickers out of sight!
Deactivating autopickup; reactivate with Ctrl-A.
Something completely misses you.
Read which item? (? for menu, Esc to quit)
You cannot teleport because you are wearing the +2 robe of Tidol {-Tele rElec rC+++ Int+2}.
The wraith misses you. Something hits you but does no damage.
The wraith misses you. The wraith hits you.
* * * LOW HITPOINT WARNING * * *
The wraith drains your vigour!
You feel as though you will be slow longer.
The wraith hits you!
You die...

###....#........#.....#
.....)..........#.....#
................#.....#
..).............#.....#
.(.(...#.*......#.....#
..#....#........#.....#
. #....#........#.....#
#....#....W...#.....#
#....#....W@..#.....#
#.. #........#.....#
#........#.....#
#........#[....#
#..............#
#..............#
#........#.....#
#....รท...#.....#
#........#######


You could see 2 wraiths and a friendly battlesphere.

Vanquished Creatures
  Josephine (D:10)
  Erica (D:10)
  The ghost of oplop the Covert, a novice VSAs of Ru (D:8)
  3 hill giants (D:10)
  A manticore (D:10)
  Maurice (D:8)
  Joseph (D:10)
  Psyche (D:10)
  3 polar bears (D:8)
  A wraith (D:10)
  A wyvern (D:9)
  A hippogriff (D:9)
  4 yaks (D:10)
  A water moccasin (D:7)
  8 orc warriors
  3 ogres
  4 ice beasts
  3 sky beasts
  2 wolves
  6 phantoms
  9 centaurs
  2 crocodiles (D:9)
  10 giant frogs
  3 scorpions
  A water moccasin skeleton (D:5)
  2 vampire bats (D:5)
  6 wights
  5 howler monkeys
  3 electric eels (D:8)
  4 crimson imps
  A giant frog zombie (D:9)
  6 hounds
  A quasit (D:9)
  2 centaur zombies
  7 orc priests
  Crazy Yiuf (D:5)
  A centaur skeleton (D:5)
  A gnoll shaman (D:7)
  14 orc wizards
  Jessica (D:2)
  3 iguanas
  9 worker ants
  2 giant frog simulacra (D:8)
  A hound zombie (D:7)
  2 hound skeletons
  Robin (D:4)
  3 worker ant zombies
  17 gnolls
  A howler monkey skeleton (D:4)
  11 adders
  A shadow imp (D:6)
  2 white imps (D:8)
  A worker ant simulacrum (D:8)
  4 oozes
  An adder zombie (D:9)
  3 adder skeletons
  A worm (D:2)
  An adder simulacrum (D:8)
  2 dart slugs
  6 giant geckos
  55 orcs
  17 bats
  5 giant cockroaches
  14 goblins
  13 hobgoblins
  7 jackals
  5 quokkas
  4 ball pythons
  A giant gecko skeleton (D:6)
  A giant gecko zombie (D:5)
  7 giant newts
  A jackal skeleton (D:6)
  7 kobolds
  2 quokka skeletons
  A quokka zombie (D:10)
  9 rats
348 creatures vanquished.

Vanquished Creatures (others)
  A plant (D:1)
1 creature vanquished.

Grand Total: 349 creatures vanquished

Notes
Turn   | Place    | Note
--------------------------------------------------------------
     0 | D:1      | varam the Deep Elf Conjurer began the quest for the Orb.
     0 | D:1      | Reached XP level 1. HP: 10/10 MP: 6/6
   279 | D:1      | Reached XP level 2. HP: 14/15 MP: 5/8
   343 | D:1      | Reached skill level 5 in Conjurations
   889 | D:1      | Reached XP level 3. HP: 17/19 MP: 5/9
  1722 | D:1      | Found a glowing golden altar of the Shining One.
  2187 | D:2      | Reached skill level 6 in Conjurations
  2311 | D:2      | Found a deep blue altar of Sif Muna.
  2389 | D:2      | Noticed Jessica
  2406 | D:2      | Killed Jessica
  2406 | D:2      | Reached XP level 4. HP: 24/24 MP: 4/10
  2461 | D:2      | Found a white marble altar of Elyvilon.
  2930 | D:3      | Reached XP level 5. HP: 28/28 MP: 7/11
  2937 | D:3      | Learned a level 5 spell: Iskenderun's Battlesphere
  2943 | D:3      | Reached skill level 7 in Conjurations
  2986 | D:3      | Learned a level 4 spell: Iskenderun's Mystic Blast
  3336 | D:3      | Reached skill level 1 in Charms
  3854 | D:3      | Noticed an ogre
  4533 | D:4      | Noticed Robin
  4744 | D:4      | Reached XP level 6. HP: 32/32 MP: 8/12
  4761 | D:4      | Found a blossoming altar of Fedhas.
  5179 | D:4      | Found Hippem's Antique Weapon Boutique.
  5478 | D:5      | Entered Level 5 of the Dungeon
  5511 | D:4      | Bought a runed rapier for 92 gold pieces
  5522 | D:4      | Reached skill level 8 in Conjurations
  5522 | D:4      | Reached skill level 5 in Charms
  5539 | D:4      | Reached XP level 7. HP: 25/36 MP: 1/13
  5776 | D:3      | Learned a level 2 spell: Searing Ray
  5940 | D:4      | Killed Robin
  6212 | D:4      | Found a stormy altar of Qazlal.
  6762 | D:5      | Reached skill level 9 in Conjurations
  7037 | D:5      | Reached XP level 8. HP: 42/42 MP: 1/15
  7260 | D:5      | Reached skill level 1 in Fighting
  7516 | D:5      | Noticed Crazy Yiuf
  7519 | D:5      | Killed Crazy Yiuf
  7591 | D:5      | Found a bloodstained altar of Trog.
  7784 | D:5      | Found Pexkadog's General Store.
  7790 | D:5      | Bought a potion of curing for 42 gold pieces
  7790 | D:5      | Bought a scroll of identify for 28 gold pieces
  7824 | D:5      | Found a radiant altar of Vehumet.
  7832 | D:5      | Became a worshipper of Vehumet
  8186 | D:6      | Reached skill level 5 in Spellcasting
  9295 | D:6      | Found a shimmering altar of Xom.
  9296 | D:6      | Found an ancient bone altar of Kikubaaqudgha.
  9355 | D:6      | Reached skill level 5 in Dodging
  9405 | D:6      | Found a sacrificial altar of Ru.
  9417 | D:6      | Found an opulent altar of Gozag.
  9440 | D:6      | Found a staircase to the Ecumenical Temple.
  9748 | D:6      | Reached XP level 9. HP: 52/52 MP: 4/20
  9870 | D:6      | Found a burning altar of Makhleb.
  9926 | D:6      | Found a blossoming altar of Fedhas.
 10562 | D:7      | Reached * piety under Vehumet
 10562 | D:7      | Offered knowledge of Flame Tongue by Vehumet.
 11043 | D:7      | Reached skill level 5 in Fighting
 11448 | D:7      | Found a glowing silver altar of Zin.
 12511 | D:8      | Noticed Maurice
 12516 | D:8      | Killed Maurice
 12585 | D:8      | Learned a level 3 spell: Dazzling Spray
 12718 | D:5      | Bought a +0 pair of boots for 63 gold pieces
 12914 | D:8      | Noticed a polar bear
 12914 | D:8      | Noticed a polar bear
 12944 | D:8      | Killed a polar bear
 13254 | D:8      | Learned a level 1 spell: Flame Tongue
 13355 | D:8      | Reached skill level 1 in Fire Magic
 13456 | D:8      | Reached XP level 10. HP: 60/60 MP: 13/22
 13946 | D:8      | Reached skill level 10 in Conjurations
 13952 | D:8      | Reached ** piety under Vehumet
 13952 | D:8      | Offered knowledge of Freeze by Vehumet.
 13963 | D:8      | Got a smoking robe
 14215 | D:8      | Noticed oplop's ghost (novice VSAs)
 14245 | D:8      | Killed oplop's ghost
 14245 | D:8      | Reached skill level 5 in Fire Magic
 15421 | D:9      | Offered knowledge of Stone Arrow by Vehumet.
 15637 | D:9      | Reached skill level 11 in Conjurations
 15784 | D:9      | Reached *** piety under Vehumet
 15797 | D:9      | Found a roughly hewn altar of Beogh.
 15797 | D:9      | Found a staircase to the Orcish Mines.
 15959 | D:9      | Offered knowledge of Airstrike by Vehumet.
 16746 | D:10     | Entered Level 10 of the Dungeon
 16763 | D:10     | Reached XP level 11. HP: 64/64 MP: 7/23
 16825 | D:10     | Noticed a hill giant
 16850 | D:10     | Killed a hill giant
 17004 | D:10     | Reached **** piety under Vehumet
 17005 | D:10     | Noticed a hill giant
 17158 | D:10     | Killed a hill giant
 17714 | D:10     | Offered knowledge of Bolt of Magma by Vehumet.
 17730 | D:10     | Noticed Joseph
 17734 | D:10     | Killed Joseph
 17735 | D:10     | Noticed a hill giant
 17746 | D:10     | Killed a hill giant
 17901 | D:10     | Noticed Psyche
 17905 | D:10     | Killed Psyche
 17905 | D:10     | Reached skill level 10 in Fire Magic
 17920 | D:10     | Identified the +2 robe of Tidol {-Tele rElec rC+++ Int+2} (You found it on level 8 of the Dungeon)
 17997 | D:10     | Noticed Erica
 18002 | D:10     | Killed Erica
 18002 | D:10     | Reached skill level 12 in Conjurations
 18030 | D:10     | Gained mutation: You can translocate small distances at will. [potion of mutation]
 18030 | D:10     | Gained mutation: Your system is resistant to poisons. [potion of mutation]
 18030 | D:10     | Gained mutation: Scrolls take you a little longer to read. [potion of mutation]
 18031 | D:10     | Gained mutation: You are occasionally teleported next to monsters. [potion of mutation]
 18031 | D:10     | Gained mutation: You tend to lose your temper in combat. [potion of mutation]
 18031 | D:10     | Gained mutation: Your spells are a little harder to cast, but a little more powerful. [potion of mutation]
 18032 | D:10     | Gained mutation: You have large cloven feet. [potion of mutation]
 18032 | D:10     | Gained mutation: You are dopey. (Int -2) [potion of mutation]
 18033 | D:10     | Lost mutation: Scrolls take you a little longer to read. [potion of cure mutation]
 18033 | D:10     | Lost mutation: You tend to lose your temper in combat. [potion of cure mutation]
 18033 | D:10     | Lost mutation: Your system is resistant to poisons. [potion of cure mutation]
 18033 | D:10     | Lost mutation: You are dopey. (Int -2) [potion of cure mutation]
 18034 | D:10     | Lost mutation: You have large cloven feet. [potion of cure mutation]
 18034 | D:10     | Lost mutation: Your spells are a little harder to cast, but a little more powerful. [potion of cure mutation]
 18034 | D:10     | Lost mutation: You can translocate small distances at will. [potion of cure mutation]
 18034 | D:10     | Lost mutation: You are occasionally teleported next to monsters. [potion of cure mutation]
 18093 | D:10     | Noticed Josephine
 18099 | D:10     | Killed Josephine
 18112 | D:10     | HP: 3/64 [wraith[Josephine] (3)]
 18112 | D:10     | Mangled by a wraith

Skill      XL: |  1  2  3  4  5  6  7  8  9 10 11 |
---------------+----------------------------------+-----
Conjurations   | 5 6 7 8 9 11 12 | 12.2
Charms         | 3 5 7 9 |  9.3
Fighting       | 3 6 |  6.1
Dodging        | 5 7 |  7.3
Spellcasting   | 6 7 |  7.0
Fire Magic     | 1 8 10 | 10.4
Stealth        | |  2.4

Action                   |  1- 3 |  4- 6 |  7- 9 | 10-12 || total
-------------------------+-------+-------+-------+-------++-------
Melee: Dagger            |    54 |     5 |       |       ||    59
       Rapier            |       |     7 |    27 |     2 ||    36
       Short sword       |       |       |       |    24 ||    24
 Cast: Magic Dart        |    90 |   128 |   200 |   229 ||   647
       Iskenderun's Myst |       |     5 |     6 |     5 ||    16
       Iskenderun's Batt |       |     1 |    49 |    57 ||   107
       Searing Ray       |       |       |    58 |    65 ||   123
       Dazzling Spray    |       |       |       |     4 ||     4
  Use: Scroll            |     2 |       |     8 |     8 ||    18
       Potion            |       |       |       |     5 ||     5
  Eat: Chunk             |     4 |     8 |     6 |    16 ||    34
       Bread ration      |       |     1 |     2 |     2 ||     5
       Meat ration       |       |       |     5 |       ||     5
       Pizza             |       |       |       |     2 ||     2
Armor: Robe              |     2 |     2 |     2 |    24 ||    30
       Leather armour    |       |     1 |     4 |       ||     5
Dodge: Dodged            |    11 |    21 |    72 |    68 ||   172
